 Dungeon Crawl Stone Soup version 0.27-a0-1299-g1ab19c6527 (webtiles) character file.

Game seed: 9446119833081585473

143 bilbop the Skirmisher (level 5, -2/47 HPs)
             Began as a Hill Orc Fighter on June 16, 2021.
             Slain by a scorpion (5 damage)
             ... on level 4 of the Dungeon.
             The game lasted 00:08:57 (2844 turns).

bilbop the Skirmisher (Hill Orc Fighter)            Turns: 2844, Time: 00:08:58

Health: -2/47      AC:  8    Str: 19    XL:     5   Next: 25%
Magic:  5/5        EV:  7    Int:  8    God:
Gold:   156        SH:  9    Dex: 11    Spells: 4/4 levels left

rFire    . . .     SeeInvis .   a - +0 war axe
rCold    . . .     Faith    .   c - +0 kite shield
rNeg     . . .     Spirit   .   r - +0 scale mail
rPois    .         Reflect  .   (no helmet)
rElec    .         Harm     .   (no cloak)
rCorr    .         Rampage  .   k - +0 pair of gloves
Will     .....                  (no boots)
Stlth    ..........             h - amulet of the acrobat
HPRegen  0.15/turn              (no ring)
MPRegen  0.09/turn              (no ring)

@: no status effects
A: no striking features
a: no special abilities


You were on level 4 of the Dungeon.
You visited 1 branch of the dungeon, and saw 4 of its levels.

You collected 156 gold pieces.

Inventory:

Hand Weapons
 a - a +0 war axe (weapon)
 b - a +0 hunting sling
Missiles
 g - 18 sling bullets
Armour
 c - a +0 kite shield (worn)
 k - a +0 pair of gloves (worn)
 r - a +0 scale mail (worn)
Jewellery
 h - an amulet of the acrobat (around neck)
Scrolls
 f - a scroll of blinking
 i - a scroll of enchant weapon {unknown}
 j - a scroll of identify {unknown}
 m - 2 scrolls of amnesia {unknown}
 o - a scroll of teleportation {unknown}
 p - a scroll of enchant armour {unknown}
 q - a scroll of summoning {unknown}
Potions
 d - a potion of might
 e - 2 potions of berserk rage {unknown}
 l - a potion of mutation {unknown}
 n - 2 potions of degeneration {unknown}


   Skills:
 + Level 4.6 Fighting
 + Level 4.2 Axes
 + Level 0.0 Slings
 + Level 4.2 Armour
 + Level 4.2 Shields


You had 4 spell levels left.
You didn't know any spells.
Your spell library contained the following spells:

 Spells                   Type           Power      Damage    Failure   Level
 Animate Skeleton         Necr           0%         N/A       99%         1
 Magic Dart               Conj           0%         1d3       99%         1
 Pain                     Necr           0%         1d4       99%         1
 Summon Small Mammal      Summ           0%         N/A       99%         1
 Blink                    Tloc           N/A        N/A       100%        2
 Call Imp                 Summ           0%         N/A       100%        2
 Slow                     Hex            0%         N/A       100%        2
 Call Canine Familiar     Summ           0%         N/A       100%        3
 Conjure Flame            Conj/Fire      0%         6-21      100%        3
 Mephitic Cloud           Conj/Pois/Air  0%         N/A       100%        3
 Summon Guardian Golem    Hex/Summ       0%         N/A       100%        3
 Vampiric Draining        Necr           0%         2d6       100%        3
 Animate Dead             Necr           0%         N/A       100%        4
 Summon Ice Beast         Ice/Summ       0%         N/A       100%        4
 Summon Lightning Spire   Summ/Air       0%         N/A       100%        4
 Agony                    Necr           0%         N/A       100%        5


Dungeon Overview and Level Annotations

Branches:
Dungeon (4/15)
 Temple: D:4-7

Altars:
Zin

Shops:
D:1 :


Message History

You barely miss the worm.
The worm is severely wounded.
The worm bites you.
You hit the worm.
The worm is severely wounded.
The worm completely misses you.
You slash the worm!
You kill the worm!
A scorpion comes into view.
You closely miss the scorpion. You block the scorpion's attack.
You hit the scorpion.
The scorpion is moderately wounded.
The scorpion stings you.
You are poisoned.
The scorpion poisons you!
The scorpion stings you but does no damage.
You closely miss the scorpion.
The scorpion is moderately wounded.
You feel very sick. The scorpion barely misses you.
The scorpion stings you but does no damage.
You barely miss the scorpion.
The scorpion is moderately wounded.
You feel sick.
The scorpion stings you but does no damage.
You block the scorpion's attack.
You hit the scorpion.
The scorpion is heavily wounded.
You feel sick. The scorpion stings you.
* * * LOW HITPOINT WARNING * * *
You block the scorpion's attack.
You hit the scorpion.
The scorpion is heavily wounded.
You feel sick. The scorpion closely misses you.
You completely miss the scorpion.
The scorpion is heavily wounded.
You feel sick.
You are no longer poisoned.
The scorpion stings you.
You die...

##.# #..# ##.# #.<#
##.## #.## ##)#
##..###
##...@s######
#...........####
#..######....=...##
#..# ###........
#..# #........ ..#
#........ .#
#........ .........
.........


You could see a scorpion.

Vanquished Creatures
  A jelly (D:3)
  A hound (D:2)
  An adder (D:2)
  3 worms
  4 dart slugs
  4 endoplasms (D:1)
  3 giant cockroaches
  5 goblins
  2 hobgoblins (D:2)
  4 quokkas
  7 ball pythons
  7 bats
  6 frilled lizards
  6 kobolds
  3 rats
57 creatures vanquished.

Notes
Turn   | Place    | Note
-------+----------+-------------------------------------------
     0 | D:1      | bilbop the Hill Orc Fighter began the quest for the Orb.
     0 | D:1      | Reached XP level 1. HP: 19/19 MP: 1/1
   222 | D:1      | Reached XP level 2. HP: 27/27 MP: 2/2
  1032 | D:1      | Found Huidom's Book Boutique.
  1040 | D:1      | Reached XP level 3. HP: 33/33 MP: 3/3
  1330 | D:2      | Reached XP level 4. HP: 23/40 MP: 4/4
  2419 | D:3      | Found a faded altar of an unknown god.
  2603 | D:3      | Reached XP level 5. HP: 45/47 MP: 5/5
  2692 | D:3      | Found a glowing silver altar of Zin.
  2844 | D:4      | Slain by a scorpion

Illustrated notes

Levels and vault maps discovered:
D:1:      amcnicky_arrival_single_pillar, layout_loops_corners, serial_shops,
          shop, chequers_serial_rivers_micro_d
D:2:      layout_basic, kennysheep_crisscross, kennysheep_donut
D:3:      layout_rooms, zin_statuary, chequers_ecumenical_altar_simple_redux
D:4:      layout_cave_pods, serial_shops, nicolae_take_the_stairs,
          due_unseen_surprise

Skill      XL: |  1  2  3  4 |
---------------+-------------+-----
Axes           | 3 4 |  4.2
Fighting       | 4 |  4.6
Armour         | 4 |  4.2
Shields        | 4 |  4.2

Action                   |  1- 3 |  4- 6 || total
-------------------------+-------+-------++-------
Melee: War axe           |    82 |    98 ||   180
  Use: Scroll            |     2 |       ||     2
Armor: Scale mail        |    51 |    46 ||    97
Dodge: Dodged            |    31 |    28 ||    59
Block: Kite shield       |    49 |    60 ||   109

Table legend: (Time is in decaauts)
 A = Elapsed time spent in this place.
 B = Non-inter-level travel time spent in this place.
 C = Inter-level travel time spent in this place.
 D = Time resting spent in this place.
 E = Time spent auto-exploring this place.
 F = Levels seen in this place.
 G = Mean time per level.
                   A        B        C        D        E       F      G
               +--------+--------+--------+--------+--------+-----+--------+
         Total |   2957 |   2917 |     40 |    417 |   2011 |   4 |  739.2 |
       Dungeon |   2957 |   2917 |     40 |    417 |   2011 |   4 |  739.2 |
               +--------+--------+--------+--------+--------+-----+--------+

Top non-repeatable levels by time:
     D:1: 1323 daAuts
     D:2: 1075 daAuts
     D:3: 498 daAuts
     D:4: 59 daAuts
